 Dungeon Crawl Stone Soup version 0.31-a0-1309-gbf3fed316f (webtiles) character file.

Game seed: 359189269361480348

12 newrack the Trooper (level 2, -1/22 HPs)
             Began as an Octopode Chaos Knight on Dec 20, 2023.
             Was a Plaything of Xom.
             Frozen to death by an endoplasm (4 damage)
             ... on level 1 of the Dungeon.
             The game lasted 00:00:37 (131 turns).

newrack the Trooper (Octopode Chaos Knight)          Turns: 131, Time: 00:00:37

Health: -1/22      AC:  1    Str: 11    XL:     2   Next: 33%
Magic:  2/2        EV: 13    Int: 14    God:    Xom [...*..]
Gold:   15         SH:  0    Dex: 11    Spells: 1/1 levels left

rFire   . . .        a - +0 falchion (chaos)
rCold   . . .        (no shield)
rNeg    . . .        (helmet restricted)
rPois   .            (no amulet)
rElec   .            (no ring)
rCorr   .            (no ring)
SInv    .            (no ring)
Will    .....        (no ring)
Stlth   ++           (no ring)
HPRegen 0.23/turn    (no ring)
MPRegen 0.08/turn    (no ring)
                     (no ring)

%: no passive effects
@: attractive
A: almost no armour, amphibious, 8 rings, camouflage 1, gelatinous body 1,
(nimble swimmer 1), tentacles
a: Renounce Religion


You were on level 1 of the Dungeon.
You worshipped Xom.
You were a favourite toy of Xom.
You visited 1 branch of the dungeon, and saw 1 of its levels.

You collected 15 gold pieces.

Inventory:

Hand Weapons
 a - a +0 falchion of chaos (weapon)
Scrolls
 b - a scroll of butterflies
 c - a scroll of fear {unknown}
 d - a scroll of identify {unknown}


   Skills:
 * Level 3.6 Fighting
 - Level 3.0 Long Blades
 - Level 2.3 Dodging
 + Level 0.5 Stealth


You had one spell level left.
You didn't know any spells.
Your spell library contained the following spells:

 Spells                   Type           Power      Damage    Failure   Level
 Ozocubu's Armour         Ice            0%         N/A       65%         3
 Ozocubu's Refrigeration  Ice            0%         4d7       100%        7


Dungeon Overview and Level Annotations

Branches:
Dungeon (1/15)

Altars:


Innate Abilities, Weirdness & Mutations

You cannot wear most types of armour.
You are amphibious.
You can wear up to eight rings at the same time.
Your skin changes colour to match your surroundings (Stealth+).
Your rubbery body absorbs attacks. (AC +1, EV +1)
((You are camouflaged when in or above water. (Stealth+)))
You have tentacles for arms and can constrict up to eight enemies at once.


Message History

The rat attacks as it pursues you! The rat closely misses you.
The gnoll is attracted toward you. The gnoll is attracted toward you.
A hobgoblin comes into view.
The hobgoblin is attracted toward you. The rat bites you.
The hobgoblin is attracted toward you. The hobgoblin closely misses you.
The hobgoblin attacks as it pursues you!
The hobgoblin hits you. The gnoll is attracted toward you.
A kobold comes into view. It is wielding a +0 club.
Found a club.
The kobold shouts!
You hear a shout!
The kobold is attracted toward you.
Found a fizzy dark potion.
The hobgoblin attacks as it pursues you!
The hobgoblin closely misses you. The kobold misses you.
A bat comes into view.
The bat is attracted toward you.
You closely miss the kobold. You grab the kobold. You constrict the kobold.
Your butterfly disappears in a puff of smoke!
The kobold closely misses you. The hobgoblin closely misses you.
The endoplasm jiggles.
The kobold barely misses you. The endoplasm is attracted toward you.
You hit the kobold. Lightning courses through the kobold!
You kill the kobold!
The bat completely misses you. The endoplasm freezes you.
You are frozen.
The hobgoblin hits you. x2
* * * LOW HITPOINT WARNING * * *
The endoplasm jiggles.
The endoplasm freezes you.
You are frozen.
* * * LOW HITPOINT WARNING * * *
The bat is attracted toward you.
You aren't carrying any potions.
You closely miss the bat. Your grab misses the bat. The bat closely misses you.
The endoplasm freezes you.
You are frozen.
You die...
Xom howls with laughter!

............##....####..........
............##....#####........)
......"...b..#..................
.............#....#####.........
...).........###### #.......†#
..........bb.### #........#
.........#.rg## #........#
#...#######gJ# ######.##. ..#
##@# #.##. . #b# #.##. §.# #.#..
!..# ##.... ..... ....... .....)
#...#.. ......# #.# #.. ........
. ### #


You could see a gnoll (ally target), an endoplasm, a hobgoblin, a bat and a rat.

Vanquished Creatures
  2 ball pythons (D:1)
  2 endoplasms (D:1)
  A giant cockroach (D:1)
  2 quokkas (D:1)
  2 frilled lizards (D:1)
  2 kobolds (D:1)
11 creatures vanquished.

Notes
Turn   | Place    | Note
-------+----------+-------------------------------------------
     0 | D:1      | newrack the Octopode Chaos Knight began the quest for the
                  | Orb.
     0 | D:1      | Reached XP level 1. HP: 16/16 MP: 1/1
    12 | D:1      | XOM: potion effect (invisibility)
    65 | D:1      | Found a faded altar of an unknown god.
    85 | D:1      | Reached XP level 2. HP: 21/21 MP: 2/2
   117 | D:1      | XOM: potion effect (attraction)
   117 | D:1      | XOM: butterfly on damage
   131 | D:1      | Frozen to death by an endoplasm

Illustrated notes

Levels and vault maps discovered:
D:1:      lemuel_arrival_lava_pool, layout_rooms,
          hellmonk_ecumenical_altar_leap_of_faith

Action                     || total
---------------------------++-------
  Melee: Falchion          ||    21
         Constrict         ||     4
         Punch             ||     1
         Tentacles         ||     1
   Stab: Invisible         ||     2
         Sleeping          ||     2
 Armour: Skin              ||     8
  Dodge: Dodged            ||    18

Table legend: (Time is in decaauts)
 A = Elapsed time spent in this place.
 B = Non-inter-level travel time spent in this place.
 C = Inter-level travel time spent in this place.
 D = Time resting spent in this place.
 E = Time spent auto-exploring this place.
 F = Levels seen in this place.
 G = Mean time per level.
                   A        B        C        D        E       F      G
               +--------+--------+--------+--------+--------+-----+--------+
         Total |    134 |    134 |      0 |      0 |     55 |   1 |  134.0 |
       Dungeon |    134 |    134 |      0 |      0 |     55 |   1 |  134.0 |
               +--------+--------+--------+--------+--------+-----+--------+

Top non-repeatable levels by time:
     D:1: 134 daAuts
